 Dungeon Crawl Stone Soup version 0.17-a0-1409-ge6d9485 (webtiles) character file.

151 urechis the Poker (level 5, -7/38 HPs)
             Began as a Merfolk Skald on June 22, 2015.
             Mangled by a river rat (8 damage)
             ... in a sewer.
             The game lasted 00:09:48 (3286 turns).

urechis the Poker (Merfolk Skald)                   Turns: 3286, Time: 00:09:48

Health: -7/38      AC:  4    Str: 12    XL:     5   Next: 33%
Magic:  8/8        EV:  8    Int: 12    God:
Gold:   125        SH:  0    Dex: 14    Spells: 1 memorised, 7 levels left

rFire  . . .     SeeInvis .     a - +0 spear
rCold  . . .     Clarity  .     n - +0 leather armour
rNeg   . . .     SustAt   .     (no shield)
rPois  .         Gourm    .     (no helmet)
rElec  .         Spirit   .     r - +0 cloak
rCorr  .         Warding  .     (no gloves)
rMut   .         Stasis   .     (no boots)
MR     .....                    (no amulet)
Stlth  +.........               (no ring)
                                (no ring)

@: lethally poisoned (-7 -> -9), flying, constricted, not resistant to hostile
enchantments, very unstealthy
A: change form in water, swift swim
a: no special abilities


You were in a sewer.
You were hungry.

You visited 1 branch of the dungeon, and saw 3 of its levels.
You also visited: Sewer.

You collected 125 gold pieces.

Inventory:

Hand weapons
 a - a +0 spear (weapon)
 b - a +0 shortbow
Missiles
 p - 20 arrows
Armour
 n - a +0 leather armour (worn)
 r - a +0 cloak (worn)
Scrolls
 e - a scroll of magic mapping {unknown}
 f - a scroll of immolation {unknown}
 g - a scroll of amnesia {unknown}
 h - 5 scrolls of teleportation {unknown}
 i - 2 scrolls of enchant armour {unknown}
 l - 2 scrolls of blinking {unknown}
 q - a scroll of identify {unknown}
 s - a scroll of random uselessness {unknown}
 v - 2 scrolls of remove curse {unknown}
Potions
 j - a potion of ambrosia {unknown}
 k - a potion of curing {unknown}
 t - a potion of brilliance {unknown}
 w - a potion of flight
Books
 c - a book of Battle

   Spells                             Type                      Level
   a - Infusion                       Charms                       1
   b - Shroud of Golubria             Charms/Translocation         2
   c - Song of Slaying                Charms                       2
   d - Spectral Weapon                Hexes/Charms                 3
   e - Regeneration                   Charms/Necromancy            3
Comestibles
 d - 3 bread rations
 m - a meat ration
 u - a beef jerky
 x - 5 chunks of flesh


   Skills:
 - Level 2.1 Fighting
 + Level 7.8 Polearms
 - Level 0.6 Armour
 - Level 1.3 Dodging
 - Level 2.0 Spellcasting
 - Level 3.2 Charms


You had 7 spell levels left.
You knew the following spells:

 Your Spells              Type           Power        Failure   Level  Hunger
a - Infusion              Chrm           #.....       12%         1    ##.....


Dungeon Overview and Level Annotations

Branches:
Dungeon (3/15)

Altars:


Message History

You barely miss the river rat.
The river rat is heavily wounded.
The ball python barely misses you.
* * * LOW HITPOINT WARNING * * *
The ball python constricts you.
You hit the river rat.
The river rat is almost dead.
The river rat bites you.
* * * LOW HITPOINT WARNING * * *
The ball python completely misses you. The ball python constricts you.
You hit the river rat but do no damage.
The river rat is almost dead.
The river rat barely misses you. The ball python bites you.
* * * LOW HITPOINT WARNING * * *
x2 The ball python constricts you.
You hit the river rat but do no damage.
The river rat is almost dead.
* * * LOW HITPOINT WARNING * * *
You feel sick. The river rat bites you!
You die...

#≈≈≈≈≈≈#
#≈≈≈≈≈≈#
#≈≈≈≈≈(#
#≈≈≈≈≈≈#
#≈≈≈r≈≈#
#≈≈≈≈≈≈#
#≈≈r≈≈≈#
#≈≈≈≈≈≈#
#≈r≈r≈≈#
#≈≈≈≈≈≈#
#≈r≈≈≈≈#
#≈≈≈≈≈≈#
#≈≈≈≈≈≈#
#≈≈≈†≈≈#
#r≈≈≈rS#
#≈†≈≈≈≈#
#≈r≈≈†@#
#≈†≈≈≈≈#
#≈≈r≈≈≈#
#≈≈≈≈†≈#
#≈≈≈≈≈≈#
#≈≈≈≈≈≈#
#≈≈≈≈≈≈#
#≈≈≈≈≈≈#
#≈≈≈≈≈≈#
#≈≈≈≈≈≈#
#≈≈≈≈≈≈#
#≈≈≈≈≈≈#
#≈≈≈≈≈≈#
#≈≈≈≈≈≈#
#....≈≈#
#≈≈....#
#......##
##.....†#


You could see a river rat, a ball python and 8 rats.

Vanquished Creatures
  6 adders
  3 river rats
  A worm (D:2)
  An orc (D:3)
  8 bats
  4 goblins
  7 hobgoblins
  4 ball pythons
  4 giant cockroaches
  7 giant newts
  3 jackals (D:2)
  10 kobolds
  18 rats
76 creatures vanquished.

Notes
Turn   | Place    | Note
--------------------------------------------------------------
     0 | D:1      | urechis the Merfolk Skald began the quest for the Orb.
     0 | D:1      | Reached XP level 1. HP: 16/16 MP: 3/3
   580 | D:1      | Reached skill level 4 in Polearms
   580 | D:1      | Reached XP level 2. HP: 22/22 MP: 5/5
  1356 | D:2      | Reached skill level 5 in Polearms
  1356 | D:2      | Reached XP level 3. HP: 17/27 MP: 6/6
  2378 | D:2      | Reached skill level 6 in Polearms
  2407 | D:2      | Reached XP level 4. HP: 31/33 MP: 7/7
  3087 | D:3      | Found a glowing drain.
  3112 | D:3      | Reached skill level 7 in Polearms
  3117 | D:3      | Reached XP level 5. HP: 32/38 MP: 8/8
  3136 | Sewer    | Entered a sewer
  3286 | Sewer    | HP: 1/38 [poisoned by an adder]
  3286 | Sewer    | Mangled by a river rat

Vault maps used:
D:1:      minmay_arrival_solitary_statue, minivault_11, dk_noncrumbling_3
D:3:      portal_sewer_entry_b
Sewer:    sewer_minmay_w

Action                   |  1- 3 |  4- 6 || total
-------------------------+-------+-------++-------
Melee: Spear             |   157 |   139 ||   296
 Fire: Shortbow          |    10 |    23 ||    33
 Cast: Infusion          |     1 |       ||     1
  Use: Potion            |     1 |     2 ||     3
 Stab: Sleeping          |     1 |       ||     1
  Eat: Chunk             |     4 |     3 ||     7
